 Dungeon Crawl Stone Soup version 0.16-a0-324-g99bef82 (webtiles) character file.

991 PolkaDot the Summoner (level 7, -5/46 HPs)
             Began as a Vampire Summoner on Sept 3, 2014.
             Killed by divine providence
             ... invoked by an orc priest
              (13 damage)
             ... on Level 6 of the Dungeon.
             The game lasted 00:22:00 (5092 turns).

PolkaDot the Summoner (Vampire Summoner)            Turns: 5092, Time: 00:22:01

HP  -5/46        AC  8     Str  7      XL: 7   Next: 98%
MP   3/12        EV 13     Int 19      God:
Gold 235         SH  0     Dex 12      Spells:  4 memorised,  0 levels left

rFire  . . .     SeeInvis +     t - +3 whip of the Fray {slash, Dex-2}
rCold  + . .     Clarity  +     s - +2 leather armour {rC+}
rNeg   . . .     rCorr    .     (no shield)
rPois  .         rRot     .     (no helmet)
rElec  .         Spirit   .     (no cloak)
SustAb .         Warding  .     p - +2 pair of gloves
rMut   .         Stasis   .     (no boots)
Gourm  .                        (no amulet)
MR     .....                    (no ring)
                                e - +3 ring of evasion

@: regenerating quickly, not resistant to hostile enchantments, unstealthy
A: bottle blood, fangs 3, see invisible, clarity, unbreathing
a: Bottle Blood


You were on level 6 of the Dungeon.
You were very full.

You visited 1 branch of the dungeon, and saw 6 of its levels.

You collected 235 gold pieces.

Inventory:

Hand weapons
 t - the +3 whip of the Fray (weapon) {slash, Dex-2}
   (You found it on level 5 of the Dungeon)

   It inflicts extra damage upon your enemies.
   It affects your dexterity (-2).
Armour
 p - a +2 pair of gloves (worn)
 s - a +2 leather armour of cold resistance (worn)
Magical devices
 c - a wand of fire (15)
 n - a wand of fireball (6) {unknown}
Scrolls
 g - a scroll of blinking
 i - a scroll of recharging
 j - a scroll of fear {unknown}
 l - a scroll of teleportation {unknown}
 q - a scroll of noise {unknown}
 w - a scroll of magic mapping {unknown}
Jewellery
 e - a +3 ring of evasion (left hand)
Potions
 a - a potion of brilliance
 f - a potion of restore abilities
 h - a potion of agility {unknown}
 m - 3 potions of haste {unknown}
 o - 2 potions of magic {unknown}
 r - a potion of poison {unknown}
 v - 2 potions of might {unknown}
Books
 b - a book of Callings

   Spells                             Type                      Level
   *Summon Small Mammal               Summoning                    1
   *Call Imp                          Summoning                    2
   *Call Canine Familiar              Summoning                    3
   Summon Guardian Golem              Hexes/Summoning              4
   Summon Lightning Spire             Summoning/Air                4
   *Summon Ice Beast                  Ice/Summoning                4


   Skills:
 - Level 2.1 Dodging
 - Level 3.0 Stealth
 - Level 2.0 Spellcasting
 * Level 9.8 Summonings
 + Level 2.0 Ice Magic


You couldn't memorise any spells.
You knew the following spells:

 Your Spells              Type           Power        Failure   Level  Hunger
a - Summon Small Mammal   Summ           ####         1%          1    #......
d - Call Canine Familiar  Summ           #####...     1%          3    ####...
i - Summon Ice Beast      Ice/Summ       ###.....     17%         4    #####..
s - Call Imp              Summ           #####...     1%          2    ##.....


Dungeon Overview and Level Annotations

Branches:
Dungeon (6/15)
 Temple: D:4-7

Altars:
Yredelemnul
Zin


Innate Abilities, Weirdness & Mutations

Your natural rate of healing is unusually fast.
You can bottle blood from corpses.
You have razor-sharp teeth.
You have supernaturally acute eyesight.
You can survive without breathing.
You possess an exceptional clarity of mind.


Message History

The orc priest misses you.
You closely miss the orc priest.
Your crimson imp hits the orc priest.
Your hound bites the orc priest but does no damage.
The orc priest hits you but does no damage.
Your crimson imp hits the orc priest.
You barely miss the orc priest. Your bite misses the orc priest.
The orc priest is lightly wounded.
Your hound misses the orc priest.
Your hound bites the orc priest.
Your crimson imp misses the orc priest.
You closely miss the orc priest.
The orc priest is heavily wounded.
Your hound bites the orc priest.
The orc priest invokes the aid of Beogh against you.
Something smites you!
* * * LOW HITPOINT WARNING * * *
Your crimson imp barely misses the orc priest.
Your hound misses the orc priest.
The orc priest invokes the aid of Beogh against you.
Something smites you!
You die...

.## .. ....#
....###... ...
#.......... .#
#...........
#.........#
#........# ##
##...(...# #.
##....h5..# #.
###.....o@..#
##.
##......##(..#
#.. .
##..(..####.(.#
#.. .#
##.o...## #...#
##.. .#
#.oo..## ##.(.#
#... .#
##(5.### #....#
##..) .###..###
#....## #..#5
.#.(.##
##....## ##.###
....## ###...##
#..#


You could see an orc priest, a friendly hound and a friendly crimson imp.

Vanquished Creatures
  A giant frog (D:5)
  A hound (D:4)
  An orc priest (D:3)
  An iguana (D:3)
  3 orc wizards
  3 worker ants (D:4)
  An ogre zombie (D:5)
  3 adders
  3 gnolls (D:4)
  A worm (D:4)
  4 giant geckos
  10 orcs
  6 bats
  4 giant cockroaches
  5 hobgoblins
  7 jackals
  A quokka (D:5)
  4 giant newts
  7 goblins
  A jackal zombie (D:5)
  3 kobolds
  10 rats
80 creatures vanquished.

Vanquished Creatures (collateral kills)
  An orc warrior (D:6)
  A black bear (D:6)
  An ice beast (D:5)
  3 ogres
  A giant frog (D:6)
  3 hounds (D:5)
  A two-headed ogre zombie (D:6)
  A jelly (D:6)
  2 orc priests (D:5)
  2 iguanas
  A worker ant (D:6)
  5 gnolls (D:4)
  3 adders
  An orc skeleton (D:4)
  A giant mite (D:1)
  An ooze (D:2)
  9 orcs
  A bat (D:2)
  A giant cockroach (D:4)
  2 hobgoblins
  2 jackals
  A kobold (D:4)
  3 giant geckos
  A giant newt (D:4)
  4 goblins
52 creatures vanquished.

Vanquished Creatures (others)
  A wolf (D:6)
  3 ice beasts (D:6)
  2 crimson imps (D:6)
  A hound (D:5)
  An iron imp (D:5)
  3 white imps
  2 quokkas
  A bat (D:5)
  A rat (D:5)
15 creatures vanquished.

Grand Total: 147 creatures vanquished

Notes
Turn   | Place    | Note
--------------------------------------------------------------
     0 | D:1      | PolkaDot, the Vampire Summoner, began the quest for the Orb.
     0 | D:1      | Reached XP level 1. HP: 13/13 MP: 3/3
   335 | D:1      | Reached XP level 2. HP: 17/19 MP: 4/4
   340 | D:1      | Learned a level 2 spell: Call Imp
  1180 | D:2      | Reached skill level 5 in Summonings
  1180 | D:2      | Reached XP level 3. HP: 22/24 MP: 6/6
  1640 | D:2      | Learned a level 3 spell: Call Canine Familiar
  2086 | D:2      | Reached XP level 4. HP: 23/30 MP: 1/7
  2358 | D:3      | Reached skill level 6 in Summonings
  2358 | D:3      | Reached XP level 5. HP: 35/35 MP: 9/9
  3017 | D:4      | Noticed an ogre
  3024 | D:4      | Killed an ogre
  3024 | D:4      | Reached skill level 7 in Summonings
  3158 | D:4      | Noticed an ogre
  3172 | D:4      | Killed an ogre
  3172 | D:4      | Reached XP level 6. HP: 41/41 MP: 2/10
  3537 | D:4      | Reached skill level 8 in Summonings
  3737 | D:4      | Found a glowing silver altar of Zin.
  3873 | D:5      | Entered Level 5 of the Dungeon
  3886 | D:5      | Reached XP level 7. HP: 15/46 MP: 1/12
  4024 | D:5      | Got an iridescent whip
  4032 | D:5      | Identified the cursed +3 whip of the Fray {slash, Dex-2} (You found it on level 5 of the Dungeon)
  4123 | D:5      | Found a basalt altar of Yredelemnul.
  4282 | D:5      | Reached skill level 9 in Summonings
  4638 | D:5      | Learned a level 4 spell: Summon Ice Beast
  4802 | D:6      | Gained mutation: You possess an exceptional clarity of mind. [potion of beneficial mutation]
  4855 | D:6      | Reached skill level 1 in Ice Magic
  5092 | D:6      | Killed from afar by an orc priest

Action                   |  1- 3 |  4- 6 |  7- 9 || total
-------------------------+-------+-------+-------++-------
Melee: Unarmed           |   108 |       |       ||   108
       Dagger            |    69 |     4 |       ||    73
       Hand axe          |       |   141 |     8 ||   149
       Whip              |       |       |    77 ||    77
 Cast: Summon Small Mamm |    11 |       |     3 ||    14
       Call Imp          |    12 |    16 |    17 ||    45
       Call Canine Famil |     1 |     6 |     5 ||    12
       Summon Ice Beast  |       |       |     3 ||     3
Evoke: Wand              |       |     3 |       ||     3
  Use: Potion            |     2 |       |     6 ||     8
       Scroll            |       |     1 |     9 ||    10
 Stab: Sleeping          |     5 |     4 |     1 ||    10
       Distracted        |     1 |     2 |     1 ||     4
  Eat: Corpse            |    19 |    16 |    11 ||    46
